 Dungeon Crawl Stone Soup version 0.30-a0-709-gcdc1b43e22 (webtiles) character file.

Game seed: 6663858644476338656

2529 Oxelix the Fighter (level 9, 0/72 HPs)
             Began as a Djinni Fire Elementalist on Jan 22, 2023.
             Was an Initiate of Ashenzari.
             Slain by an unseen horror (6 damage)
             ... on level 7 of the Dungeon.
             The game lasted 00:15:14 (4965 turns).

Oxelix the Fighter (Djinni Fire Elementalist)       Turns: 4965, Time: 00:15:15

Health: 0/72       AC:  5    Str:  7    XL:     9   Next: 84%
Gold:   419        EV: 10    Int: 20    God:    Ashenzari [......] SH:  7 Dex: 15

rFire   + + .      SeeInvis .    H - +1 whip (elec)
rCold   x . .      Faith    .    I - +0 kite shield
rNeg    . . .      Spirit   .    a - +0 robe
rPois   ∞          Reflect  .    (no helmet)
rElec   .          Harm     .    (no cloak)
rCorr   .          Rampage  .    E - +2 pair of gloves of the Cosmic Fanaticism {Self, Evo} (curse)
Will    .....                    (boots unavailable)
Stlth   ++                       h - amulet of regeneration
HPRegen 1.12/turn                (no ring)
MPRegen 0.00/turn                (no ring)

@: flying
A: sickness immunity, fire resistance 2, cold vulnerability 1, float, innate
caster, HP casting, extra vitality 1
a: Renounce Religion, Curse Item, Shatter the Chains


You were on level 7 of the Dungeon.
You worshipped Ashenzari.
Ashenzari was noncommittal.
You visited 2 branches of the dungeon, and saw 8 of its levels.

You collected 419 gold pieces.

Inventory:

Hand Weapons
 H - a +1 whip of electrocution (weapon)
Missiles
 u - a throwing net
Armour
 a - a +0 robe (worn)
 k - a +0 pair of gloves
 A - a +3 scale mail
 E - the cursed +2 pair of gloves of the Cosmic Fanaticism (worn) {Self, Evo}
   (You found it on level 5 of the Dungeon)

   It has a curse which improves the following skills: Introspection: Fighting
   and Spellcasting.
   Evocations: Evocations.
 I - a +0 kite shield (worn)
Magical Staves
 m - a staff of death
Jewellery
 h - an amulet of regeneration (around neck)
 C - a ring of positive energy
 G - a ring of fire
Wands
 p - a wand of flame (21)
 t - a wand of digging (3)
 w - a wand of light (22)
Scrolls
 f - 4 scrolls of teleportation {unknown}
 i - a scroll of immolation {unknown}
 j - a scroll of fear {unknown}
 l - a scroll of torment {unknown}
 o - 8 scrolls of identify {unknown}
 q - a scroll of silence {unknown}
 s - 2 scrolls of poison {unknown}
 v - a scroll of acquirement {unknown}
 y - a scroll of enchant weapon {unknown}
 F - a scroll of enchant armour {unknown}
Potions
 b - a potion of magic
 c - 2 potions of degeneration {unknown}
 d - 2 potions of haste
 e - a potion of lignification {unknown}
 g - 2 potions of mutation {unknown}
 n - 4 potions of curing
 r - a potion of brilliance {unknown}
 x - a potion of attraction {unknown}
 z - 2 potions of cancellation {unknown}
 B - a potion of flight {unknown}
 D - a potion of heal wounds {unknown}


   Skills:
 * Level 8.9(9.3) Fighting
 - Level 2.1 Dodging
 - Level 1.5 Stealth
 * Level 7.3(7.7) Spellcasting


You had one spell level left.
You knew the following spells:

 Your Spells              Type           Power      Damage    Failure   Level
a - Foxfire               Conj/Fire      100%       2x1d9     1%          1
b - Scorch                Fire           76%        2d9       1%          2
c - Kindle Blastsparks    Fire/Tloc/Air  76%        2d16      4%          3
d - Inner Flame           Hex/Fire       38%        N/A       4%          3
e - Flame Wave            Conj/Fire      38%        2d10      13%         4
f - Summon Small Mammal   Summ           100%       N/A       1%          1
g - Poisonous Vapours     Pois/Air       76%        N/A       1%          2
h - Static Discharge      Conj/Air       76%        2-6/arc   1%          2
i - Animate Armour        Summ/Erth      76%        N/A       13%         4
Your spell library was empty.

Dungeon Overview and Level Annotations

Branches:
Dungeon (7/15)             Temple (1/1) D:4

Altars:
Ashenzari
Cheibriados
Dithmenos
Fedhas
Gozag
Hepliaklqana
Makhleb
Nemelex Xobeh
Okawaru
Qazlal
Uskayaw
Wu Jian
Xom
Zin
The Shining One

Shops:
D:6 [


Innate Abilities, Weirdness & Mutations

You are immune to sickness and miasma.
You are immune to poison.
Your flesh is very heat resistant. (rF++)
You are vulnerable to cold. (rC-)
You float through the air rather than walking.
You learn spells naturally, not from books.
Your magical power is your life essence.
You have superior vitality. (+4 MHP)


Message History

Your bat dies!
Your bat's corpse disappears in a puff of smoke!
Something hits you.
There is an open door here.
Casting: Summon Small Mammal (safe; 1% risk of failure)
Confirm with . or Enter, or press ? or * to list all spells.
Something hits you.
You swap places.
Something hits your rat!
Your rat dies!
Your rat's corpse disappears in a puff of smoke!
You hit something but do no damage. Something hits you!
You hit something. Something hits you but does no damage. Something hits you.
Something hits you.
The boulder beetle leaps!
Something hits you but does no damage. Something completely misses you.
Something hits you. Something hits you! x2
Something hits you.
Casting: Summon Small Mammal (safe; 1% risk of failure)
Confirm with . or Enter, or press ? or * to list all spells.
Something hits you! Something hits your quokka.
Your quokka dies!
Your quokka's corpse disappears in a puff of smoke!
Casting: Summon Small Mammal (safe; 1% risk of failure)
Confirm with . or Enter, or press ? or * to list all spells.
You block something's attack. Something hits your quokka.
The boulder beetle curls into a ball and begins rolling!
Your quokka barely misses something.
Your quokka bites the boulder beetle but does no damage.
Something hits you!
Your quokka bites the boulder beetle but does no damage.
Something hits you!
* * * LOW HITPOINT WARNING * * *
The boulder beetle closely misses you.
The boulder beetle stops rolling and uncurls.
Something hits you!
* * * LOW HITPOINT WARNING * * *
Something hits you.
* * * LOW HITPOINT WARNING * * *
Something hits you.
You die...

#....................
.....................
##...................
#...........#........
#..........##........ .
#...#...#####........ ..
#..#<#..###..........
...##...#.(.....###..###.
#......@.........#.#####
###....B{...##...))[.)(.
#.....######.#########
###.##r.# #..# #
####......######.##########
.....(.....................
....####..r......#########.
#...#...#.#.#...## #.
#................# #.


You could see a boulder beetle and a friendly quokka (summoned).

Vanquished Creatures
  A shadow (D:6)
  Eustachio (D:4)
  Menkaure (D:4)
  A water moccasin (D:6)
  2 black bears
  2 centaurs
  An ogre (D:6)
  2 phantoms
  A kobold brigand (D:7)
  3 bullfrogs
  A necrophage (D:4)
  A scorpion (D:5)
  4 wights (D:7)
  2 howler monkeys
  A jelly (D:6)
  4 hounds
  An orc priest (D:5)
  6 orc wizards
  Ijyb (D:3)
  Natasha (thrice) (D:3)
  Robin (D:3)
  5 adders
  5 gnolls
  A shadow imp (D:7)
  An ufetubus (D:4)
  3 worms
  4 dart slugs
  31 orcs
  5 endoplasms
  6 giant cockroaches
  16 goblins
  7 hobgoblins
  3 jackals (D:1)
  7 kobolds
  4 quokkas
  5 ball pythons
  6 bats
  3 frilled lizards
  6 rats
158 creatures vanquished.

Vanquished Creatures (collateral kills)
  A howler monkey (D:6)
  Jessica (D:2)
  3 orcs (D:3)
  2 goblins (D:3)
7 creatures vanquished.

Vanquished Creatures (others)
  A gnoll (D:5)
  551 foxfires
552 creatures vanquished.

Grand Total: 717 creatures vanquished

Notes
Turn   | Place    | Note
-------+----------+-------------------------------------------
     0 | D:1      | Oxelix the Djinni Fire Elementalist began the quest for the
                  | Orb.
     0 | D:1      | Oxelix set off with the following spells memorised:
                  | Foxfire, Scorch, Kindle Blastsparks, Inner Flame, Flame
                  | Wave.
     0 | D:1      | Reached XP level 1. HP: 15/15 MP: 0/0
   171 | D:1      | Reached skill level 1 in Fighting
   171 | D:1      | Reached XP level 2. HP: 16/22 MP: 0/0
   187 | D:1      | Found a faded altar of an unknown god.
   478 | D:1      | Reached XP level 3. HP: 25/27 MP: 0/0
   478 | D:1      | Learned a level 1 spell: Summon Small Mammal
  1008 | D:2      | Reached skill level 2 in Fighting
  1011 | D:2      | Reached XP level 4. HP: 24/33 MP: 0/0
  1488 | D:2      | Noticed Jessica
  1492 | D:2      | Killed Jessica
  1719 | D:3      | Noticed Ijyb
  1719 | D:3      | Noticed Robin
  1754 | D:3      | Reached XP level 5. HP: 40/40 MP: 0/0
  1754 | D:3      | Learned a level 2 spell: Poisonous Vapours
  1824 | D:3      | Killed Robin
  1825 | D:3      | Reached skill level 3 in Fighting
  1895 | D:3      | Killed Ijyb
  1970 | D:3      | Found a sparkling altar of Nemelex Xobeh.
  2021 | D:3      | Reached XP level 6. HP: 46/46 MP: 0/0
  2035 | D:3      | Noticed Natasha
  2061 | D:3      | Killed Natasha
  2330 | D:3      | Noticed Natasha
  2334 | D:3      | Killed Natasha
  2335 | D:3      | Reached skill level 4 in Fighting
  2351 | D:3      | Noticed Natasha
  2357 | D:3      | Killed Natasha
  2666 | D:4      | Noticed Eustachio
  2679 | D:4      | Killed Eustachio
  2680 | D:4      | Reached XP level 7. HP: 46/53 MP: 0/0
  2680 | D:4      | Learned a level 2 spell: Static Discharge
  2715 | D:4      | Noticed Menkaure
  2728 | D:4      | Killed Menkaure
  2729 | D:4      | Reached skill level 5 in Fighting
  2951 | D:4      | Found a staircase to the Ecumenical Temple.
  2960 | D:4      | Reached skill level 5 in Spellcasting
  2960 | D:4      | Reached XP level 8. HP: 56/60 MP: 0/0
  2975 | Temple   | Entered the Ecumenical Temple
  3161 | Temple   | Became a worshipper of Ashenzari the Shackled
  3267 | D:4      | Found a burning altar of Makhleb.
  3408 | D:5      | Entered Level 5 of the Dungeon
  3473 | D:5      | Reached skill level 6 in Fighting
  3937 | D:6      | Reached skill level 7 in Fighting
  3980 | D:6      | Noticed a shadow
  3994 | D:6      | Killed a shadow
  3995 | D:6      | Reached XP level 9. HP: 56/68 MP: 0/0
  3995 | D:6      | Learned a level 4 spell: Animate Armour
  4089 | D:6      | Found a blossoming altar of Fedhas.
  4101 | D:6      | Found a hide-covered altar of Uskayaw.
  4101 | D:6      | Found a hazy altar of Hepliaklqana.
  4104 | D:6      | Found an iron altar of Okawaru.
  4106 | D:6      | Found a snail-covered altar of Cheibriados.
  4122 | D:6      | Found Otryucurgh's Armour Emporium.
  4165 | D:6      | Reached skill level 8 in Fighting
  4932 | D:7      | Noticed a boulder beetle
  4965 | D:7      | Slain by an unseen horror

Illustrated notes

Levels and vault maps discovered:
D:1:      elethiomel_arrival_quiet, layout_loops_ring,
          hellmonk_ecumenical_altar_lost_god
D:2:      layout_loops_ring, minmay_worlds_worst_comb, uniq_jessica
D:3:      layout_basic, nemelex_xobeh_ov_fountains_minmay, chequers_mini_garden,
          uniq_natasha, uniq_ijyb, uniq_robin
D:4:      layout_layer_cave, marbit_many_paths, minmay_temple_entry_fiery,
          corexii_hall_statues_i, uniq_eustachio, uniq_menkaure
D:5:      layout_rooms
D:6:      layout_basic, minitemple, serial_shops, shop
D:7:      minmay_the_grid_square_5x5_3x3 [minmay_the_grid_square_5x5_misaligned,
          minmay_the_grid_square_5x5_slash,
          minmay_the_grid_square_5x5_two_walls_a,
          minmay_the_grid_square_5x5_meh,
          minmay_the_grid_square_5x5_megaprize_checkered,
          minmay_the_grid_square_5x5_two_small,
          minmay_the_grid_square_5x5_three_walls,
          minmay_the_grid_square_5x5_checkered_statues,
          minmay_the_grid_square_5x5_three_small], layout_rooms,
          kennysheep_ying_yang, nicolae_vehumet_radiance, st_stairs_14,
          uniq_duvessa
Temple:   hellmonk_temple_forest_ring

Skill      XL: |  1  2  3  4  5  6  7  8  9 |
---------------+----------------------------+-----
Fighting       | 1 2 3 4 5 7 8 |  8.9
Spellcasting   | 3 4 5 6 7 |  7.3
Dodging        | |  2.1
Stealth        | |  1.5

Action                     |  1- 3 |  4- 6 |  7- 9 || total
---------------------------+-------+-------+-------++-------
  Melee: Unarmed           |     1 |       |       ||     1
         Whip              |     4 |    10 |     3 ||    17
   Cast: Foxfire           |    77 |    99 |   178 ||   354
         Summon Small Mamm |       |    19 |    30 ||    49
         Scorch            |       |    37 |    48 ||    85
         Poisonous Vapours |       |    20 |     2 ||    22
 Invoke: Curse Item        |       |       |     1 ||     1
   Stab: Sleeping          |     1 |       |       ||     1
 Armour: Robe              |     2 |     3 |     8 ||    13
  Dodge: Dodged            |     4 |    14 |    19 ||    37
  Block: Kite shield       |       |       |     1 ||     1

Table legend: (Time is in decaauts)
 A = Elapsed time spent in this place.
 B = Non-inter-level travel time spent in this place.
 C = Inter-level travel time spent in this place.
 D = Time resting spent in this place.
 E = Time spent auto-exploring this place.
 F = Levels seen in this place.
 G = Mean time per level.
                   A        B        C        D        E       F      G
               +--------+--------+--------+--------+--------+-----+--------+
         Total |   4965 |   4750 |    215 |    166 |   3554 |   8 |  620.6 |
       Dungeon |   4761 |   4601 |    160 |    166 |   3424 |   7 |  680.1 |
        Temple |    204 |    149 |     55 |      0 |    130 |   1 |  204.0 |
               +--------+--------+--------+--------+--------+-----+--------+

Top non-repeatable levels by time:
     D:2: 907 daAuts
     D:1: 832 daAuts
     D:3: 759 daAuts
     D:4: 704 daAuts
     D:6: 627 daAuts
     D:5: 501 daAuts
     D:7: 428 daAuts
  Temple: 204 daAuts
